 Dungeon Crawl Stone Soup version 0.20.1-1-g8b1a95d (webtiles) character file.

30503 Krapule the Protected (level 13, -7/105 HPs)
             Began as a Minotaur Fighter on Nov 15, 2017.
             Was a Believer of Hepliaklqana.
             Killed from afar by a wizard (32 damage)
             ... with an orb of energy
             ... on level 12 of the Dungeon.
             The game lasted 00:41:58 (16933 turns).

Krapule the Protected (Minotaur Fighter)           Turns: 16933, Time: 00:41:58

Health: -7/105     AC: 14    Str: 25    XL:     13   Next: 20%
Magic:  17/17      EV: 16    Int:  5    God:    Hepliaklqana [**....]
Gold:   231        SH: 17    Dex: 14    Spells: 12/12 levels left

rFire    + . .     SeeInvis .   O - +0 war axe (elec)
rCold    . . .     Gourm    .   c - +0 shield
rNeg     . . .     Faith    .   A - +2 scale mail {rPois}
rPois    +         Spirit   .   (helmet restricted)
rElec    +         Reflect  +   (no cloak)
rCorr    .         Harm     .   P - +0 pair of gloves
MR       .....                  a - +0 pair of boots
Stlth    ..........             L - +4 amulet of reflection
Regen    0.3/turn               y - ring of Beogh's Vengeance {+Inv rElec rF+ Dex+3 Slay+2}
MPRegen  0.2/turn               (no ring)

@: lethally poisoned (-7 -> -9), barbed spikes
A: retaliatory headbutt, reduced essence, horns 2
a: Recall Ancestor, Ancestor Identity, Renounce Religion, Evoke Invisibility


You were on level 12 of the Dungeon.
You worshipped Hepliaklqana.
Hepliaklqana was pleased with you.
You were hungry.

You visited 3 branches of the dungeon, and saw 15 of its levels.

You collected 1574 gold pieces.
You spent 1343 gold pieces at shops.

Inventory:

Hand Weapons
 F - a +0 broad axe
 O - a +0 war axe of electrocution (weapon)
Armour
 a - a +0 pair of boots (worn)
 c - a +0 shield (worn)
 A - a +2 scale mail of poison resistance (worn)
 P - a +0 pair of gloves (worn)
Jewellery
 y - the ring of Beogh's Vengeance (left hand) {+Inv rElec rF+ Dex+3 Slay+2}
   (You bought it in a shop on level 2 of the Orcish Mines)

   [ring of dexterity]

   It affects your dexterity (+3).
   It affects your accuracy and damage with ranged weapons and melee attacks
   (+2).
   It protects you from fire.
   It insulates you from electricity.
   It lets you turn invisible.
 B - an uncursed ring of ice
 C - an uncursed ring of fire
 L - a +4 amulet of reflection (around neck)
 M - an uncursed amulet of faith
Wands
 b - a wand of flame (21/48)
 G - a wand of disintegration (10/24)
 N - a wand of disintegration (13/24)
 Q - a wand of lightning (10/15)
 U - a wand of flame (15/48)
Scrolls
 g - 3 scrolls of enchant armour {unknown}
 h - 7 scrolls of teleportation
 j - 2 scrolls of identify
 l - 2 scrolls of immolation {unknown}
 p - 2 scrolls of amnesia {unknown}
 t - 6 scrolls of remove curse
 E - 4 scrolls of recharging {unknown}
 H - 4 scrolls of enchant weapon {unknown}
 I - a scroll of noise {unknown}
 J - a scroll of random uselessness {unknown}
 K - a scroll of blinking {unknown}
 R - a scroll of fear {unknown}
 S - a scroll of fog {unknown}
Potions
 d - 4 potions of might
 e - a potion of berserk rage
 i - a potion of invisibility
 m - a potion of agility
 o - 3 potions of cancellation {unknown}
 q - 5 potions of ambrosia {unknown}
 s - 2 potions of haste {unknown}
 u - 3 potions of mutation {unknown}
 v - 3 potions of brilliance {unknown}
 w - 2 potions of lignification {unknown}
 z - 3 potions of curing
 D - 4 potions of flight
 T - a potion of degeneration {unknown}
Comestibles
 f - 8 bread rations
 k - 7 royal jellies
 r - 31 fruits
 x - 4 meat rations


   Skills:
 + Level 11.7 Fighting
 + Level 11.6 Axes
 + Level 11.9 Armour
 + Level 10.7 Dodging
 + Level 11.6 Shields
 + Level 7.9 Invocations


You had 12 spell levels left.
You didn't know any spells.

Dungeon Overview and Level Annotations

Branches:
Dungeon (12/15)            Temple (0/1) D:7            Lair (1/6) D:8
    Orc (2/2) D:9             Elf (0/3) Orc:2

Altars:
Ashenzari
Cheibriados
Gozag
Hepliaklqana
Kikubaaqudgha
Makhleb
Okawaru
Ru
Trog
Vehumet
Xom
Yredelemnul

Shops:
D:6 ?   Orc:1 :   Orc:2 =?=*

Annotations:
D:5 1 runed door


Innate Abilities, Weirdness & Mutations

You reflexively headbutt those who attack you in melee.
You have a pair of horns on your head.
Your life essence is reduced to manifest your ancestor. (-10% HP)


Message History

You feel sick. Something hits you but does no damage.
Deactivating autopickup; reactivate with Ctrl-A.
The manticore flicks its tail.
The volley of spikes hits something.
You feel much better.
You feel sick.
Reactivating autopickup.
You feel a bit more experienced.
Funestine casts a spell at the manticore.
The stone arrow hits the manticore.
The manticore bites Funestine!
The manticore closely misses Funestine. x2
The barbed spikes dig painfully into your body as you move.
* * * LOW HITPOINT WARNING * * *
Funestine hits the manticore with a quarterstaff!!
The manticore bites Funestine.
The manticore claws Funestine.
The manticore claws Funestine but does no damage.
There is a stone staircase leading up, spattered with blood here.
You feel sick.
The wizard gestures at you while chanting.
The orb of energy hits you!
You die...

....#####.########
.................
..#...pHR#..#....
#......+..+ .
#..D...#..#
#####......####
.........###
.........#
.......@.#
.........#
.........+
.........#
.........#
##########


You could see the friendly Funestine the battlemage, a seven-headed hydra, a
manticore and a wizard.

Vanquished Creatures
  Erolcha (D:11)
  The ghost of Darkyelf the Cleaver, a journeyman CeAK of Lugonu (D:11)
  6 two-headed ogres
  2 centaur warriors
  An orc high priest (Orc:2)
  3 orc knights
  An orc sorcerer (Orc:2)
  A wolf spider (D:12)
  A deep elf mage (D:11)
  A cyclops (Orc:2)
  A troll (D:11)
  A hornet (shapeshifter) (D:11)
  3 hippogriffs
  A slime creature (D:12)
  A meliai zombie (D:10)
  A vampire (D:11)
  8 yaks
  A wyvern (D:8)
  A steam dragon (D:11)
  Menkaure (D:7)
  6 wargs
  A soldier ant (D:4)
  A hell hound (D:8)
  A porcupine (D:8)
  A water moccasin (D:9)
  An ice beast (D:9)
  12 orc warriors
  2 sky beasts
  11 ogres
  5 phantoms
  6 centaurs
  2 big kobolds (D:11)
  7 bullfrogs
  A wyvern skeleton (D:9)
  5 scorpions
  2 killer bees (D:5)
  8 wights
  A howler monkey (D:6)
  3 crimson imps
  A bullfrog zombie (D:8)
  2 jellies
  9 hounds
  10 orc priests
  6 orc wizards
  5 centaur skeletons
  Jessica (D:3)
  4 iguanas
  17 worker ants
  A hound skeleton (D:7)
  A worker ant zombie (D:6)
  Robin (D:2)
  8 gnolls
  A howler monkey skeleton (D:9)
  9 adders
  3 shadow imps
  3 oozes
  2 adder zombies
  3 dart slugs
  6 leopard geckos
  37 orcs
  A ball python (D:1)
  9 giant cockroaches
  12 goblins
  17 hobgoblins
  18 jackals
  4 quokkas
  6 bats
  3 frilled lizards (D:1)
  11 kobolds
  8 rats
  A spectral orc (D:4)
333 creatures vanquished.

Vanquished Creatures (collateral kills)
  Harold (D:10)
  The ghost of Gremour the Carver, a journeyman HOFi of Qazlal (D:11)
  An ogre mage (Orc:1)
  3 two-headed ogres
  2 orc high priests (Orc:2)
  An unseen horror (D:11)
  An orc knight (Orc:1)
  3 orc sorcerers (Orc:2)
  A gargoyle (D:10)
  A shadow (D:11)
  A hell hound (D:8)
  7 orc warriors
  A black bear (D:9)
  3 ogres
  3 sky beasts
  A centaur (D:8)
  2 wights (D:7)
  3 orc priests (Orc:2)
  9 orc wizards
  A worker ant (D:9)
  A hound zombie (D:7)
  An adder (D:7)
  2 shadow imps
  10 orcs
  A jackal (D:10)
  A kobold (D:11)
62 creatures vanquished.

Vanquished Creatures (others)
  An unseen horror (D:12)
  8 battlemagi
  2 ancestors (D:7)
11 creatures vanquished.

Grand Total: 406 creatures vanquished

Notes
Turn   | Place    | Note
-------+----------+-------------------------------------------
     0 | D:1      | Krapule the Minotaur Fighter began the quest for the Orb.
     0 | D:1      | Reached XP level 1. HP: 19/19 MP: 0/0
   101 | D:1      | Reached XP level 2. HP: 27/27 MP: 1/1
   348 | D:1      | Reached XP level 3. HP: 33/33 MP: 2/2
   670 | D:2      | Found a bloodstained altar of Trog.
   672 | D:2      | Found a sacrificial altar of Ru.
   688 | D:2      | Found an opulent altar of Gozag.
   689 | D:2      | Found an iron altar of Okawaru.
   690 | D:2      | Found a shimmering altar of Xom.
   793 | D:2      | Reached skill level 1 in Dodging
   793 | D:2      | Reached XP level 4. HP: 34/40 MP: 3/3
   927 | D:2      | Noticed Robin
   929 | D:2      | Killed Robin
  1030 | D:2      | Found a burning altar of Makhleb.
  1030 | D:2      | Noticed a blizzard demon
  1052 | D:2      | Found a snail-covered altar of Cheibriados.
  1311 | D:3      | Found a faded altar of an unknown god.
  1505 | D:3      | Reached XP level 5. HP: 46/46 MP: 4/4
  2165 | D:3      | Noticed Jessica
  2169 | D:3      | Killed Jessica
  2711 | D:4      | Noticed a phantom
  2717 | D:4      | Killed a phantom
  2717 | D:4      | Reached XP level 6. HP: 49/53 MP: 5/5
  2835 | D:4      | Reached skill level 5 in Shields
  2837 | D:4      | Reached skill level 5 in Armour
  2970 | D:4      | Found a basalt altar of Yredelemnul.
  3002 | D:5      | Entered Level 5 of the Dungeon
  3038 | D:5      | Found an ancient bone altar of Kikubaaqudgha.
  3082 | D:5      | Reached skill level 5 in Fighting
  3240 | D:5      | Found a runed door.
  3252 | D:5      | Found a runed door.
  3260 | D:5      | Noticed a soldier ant
  3335 | D:4      | Killed a soldier ant
  3335 | D:4      | Reached skill level 5 in Axes
  3335 | D:4      | Reached XP level 7. HP: 10/61 MP: 6/6
  3966 | D:5      | Reached XP level 8. HP: 70/70 MP: 7/7
  4064 | D:5      | Reached skill level 5 in Dodging
  4745 | D:6      | Found a sacrificial altar of Ru.
  4883 | D:6      | Found Fuled's Magic Scroll Boutique.
  4924 | D:6      | Found a hazy altar of Hepliaklqana.
  4930 | D:6      | Became a worshipper of Hepliaklqana the Forgotten
  5579 | D:7      | Reached skill level 1 in Invocations
  5579 | D:7      | Reached XP level 9. HP: 69/71 MP: 8/8
  5620 | D:7      | Found a shattered altar of Ashenzari.
  5800 | D:7      | Found a staircase to the Ecumenical Temple.
  5806 | D:7      | Noticed Menkaure
  5825 | D:7      | Killed Menkaure
  6043 | D:7      | Reached * piety under Hepliaklqana
  6669 | D:8      | Found a staircase to the Lair.
  7622 | Lair:1   | Entered Level 1 of the Lair of Beasts
  7622 | Lair:1   | Noticed a spiny frog
  7623 | Lair:1   | Noticed a six-headed hydra
  7769 | D:8      | Reached XP level 10. HP: 52/79 MP: 11/11
  7989 | D:9      | Reached ** piety under Hepliaklqana
  7990 | D:9      | Remembered your ancestor Funestine as a battlemage
  8100 | D:9      | Found a staircase to the Orcish Mines.
  8105 | D:9      | Noticed a two-headed ogre
  8614 | D:9      | Found a runed door.
  9074 | D:9      | Noticed a two-headed ogre
  9082 | D:9      | Killed a two-headed ogre
  9182 | D:9      | Found a runed door.
  9291 | D:9      | Found a radiant altar of Vehumet.
  9355 | D:9      | Killed a two-headed ogre
  9355 | D:9      | Reached XP level 11. HP: 45/87 MP: 13/13
  9840 | Orc:1    | Entered Level 1 of the Orcish Mines
  9843 | Orc:1    | Noticed a two-headed ogre
  9843 | Orc:1    | Noticed a two-headed ogre
  9847 | Orc:1    | Noticed an ogre mage
  9851 | Orc:1    | Noticed a two-headed ogre
  9863 | D:9      | Killed a two-headed ogre
  9863 | D:9      | Reached skill level 5 in Invocations
 10148 | Orc:1    | Noticed a two-headed ogre
 10154 | D:9      | Killed a two-headed ogre
 10309 | D:9      | Killed a two-headed ogre
 10460 | Orc:1    | Killed a two-headed ogre
 10530 | D:9      | Noticed a two-headed ogre
 10538 | D:9      | Killed a two-headed ogre
 10603 | Orc:1    | Killed an ogre mage
 10603 | Orc:1    | Reached skill level 10 in Fighting
 10603 | Orc:1    | Reached skill level 10 in Axes
 10603 | Orc:1    | Reached skill level 10 in Armour
 11051 | Orc:1    | Found Wiw Likehu's Book Boutique.
 11275 | Orc:2    | Entered Level 2 of the Orcish Mines
 11352 | Orc:2    | Noticed an orc sorcerer
 11354 | Orc:1    | Reached *** piety under Hepliaklqana
 11361 | Orc:1    | Reached skill level 10 in Shields
 11668 | Orc:2    | Paralysed by an orc sorcerer for 6 turns
 11672 | Orc:2    | Killed an orc sorcerer
 11827 | Orc:2    | Noticed an orc knight
 12082 | Orc:1    | Killed an orc knight
 12411 | Orc:2    | Found a staircase to the Elven Halls.
 12859 | Orc:2    | Reached XP level 12. HP: 79/96 MP: 15/15
 13294 | Orc:2    | Noticed an orc high priest
 13467 | Orc:2    | Killed an orc high priest
 13731 | Orc:2    | Paralysed by an orc sorcerer for 7 turns
 13742 | Orc:2    | Noticed an orc high priest
 14123 | Orc:2    | Killed an orc high priest
 14209 | Orc:2    | Reached skill level 10 in Dodging
 14345 | Orc:2    | Noticed an orc high priest
 14365 | Orc:2    | Killed an orc high priest
 14634 | Orc:2    | Found Kieng's General Store.
 14634 | Orc:2    | Found Geot Aptiy's Jewellery Boutique.
 14636 | Orc:2    | Found Zivaadd's Jewellery Emporium.
 14636 | Orc:2    | Found Kalokint's Magic Scroll Boutique.
 14642 | Orc:2    | Bought a scroll of identify for 24 gold pieces
 14647 | Orc:2    | Bought the ring of Beogh's Vengeance {+Inv rElec rF+ Dex+3 Slay+2} for 833 gold pieces
 14653 | Orc:2    | Bought a +4 amulet of reflection for 486 gold pieces
 14719 | D:10     | Entered Level 10 of the Dungeon
 14902 | D:10     | Noticed a two-headed ogre
 14907 | D:10     | Killed a two-headed ogre
 15182 | D:10     | Noticed Harold
 15193 | D:10     | Killed Harold
 15660 | D:11     | Noticed a centaur warrior
 15666 | D:11     | Killed a centaur warrior
 15693 | D:11     | Noticed Gremour's ghost (journeyman HOFi)
 15706 | D:11     | Killed Gremour's ghost
 15889 | D:11     | Noticed Erolcha
 15895 | D:11     | Killed Erolcha
 15970 | D:11     | Noticed a two-headed ogre
 15975 | D:11     | Killed a two-headed ogre
 15975 | D:11     | Reached XP level 13. HP: 70/104 MP: 17/17
 16572 | D:11     | Noticed Darkyelf's ghost (journeyman CeAK)
 16586 | D:11     | Killed Darkyelf's ghost
 16933 | D:12     | Killed from afar by a wizard

Skill      XL: |  1  2  3  4  5  6  7  8  9 10 11 12 |
---------------+-------------------------------------+-----
Shields        | 4 5 7 8 9 10 11 | 11.6
Fighting       | 4 5 7 8 9 10 11 | 11.7
Axes           | 3 4 5 6 8 9 10 11 | 11.6
Armour         | 4 5 7 8 9 10 11 | 11.9
Dodging        | 1 2 3 4 5 7 8 9 10 | 10.7
Invocations    | 1 3 4 6 7 |  7.9

Action                   |  1- 3 |  4- 6 |  7- 9 | 10-12 | 13-15 || total
-------------------------+-------+-------+-------+-------+-------++-------
Melee: War axe           |    89 |   123 |       |    53 |    56 ||   321
       Headbutt          |    12 |    24 |    64 |   108 |    13 ||   221
       Broad axe         |       |    16 |   307 |   406 |       ||   729
Invok: Recall Ancestor   |       |       |     2 |     3 |       ||     5
       Ancestor Identity |       |       |     1 |       |       ||     1
       Ancestor Life: Ba |       |       |       |     1 |       ||     1
  Use: Potion            |       |     1 |       |       |     1 ||     2
       Scroll            |       |       |     7 |       |       ||     7
 Stab: Distracted        |       |       |     1 |     4 |       ||     5
  Eat: Chunk             |       |     8 |    15 |    25 |     2 ||    50
       Fruit             |       |       |       |     1 |       ||     1
Armor: Scale mail        |    43 |    52 |    89 |    99 |    22 ||   305
Dodge: Dodged            |    29 |    49 |   127 |   175 |    11 ||   391
Block: Shield            |    51 |    78 |   194 |   259 |    39 ||   621
       Reflection        |       |       |       |     4 |     2 ||     6
